 Dungeon Crawl Stone Soup version 0.29.1-1-gd02db6906a (webtiles) character file.

Game seed: 16218290107360261644

303 IxDamienxI the Chopper (level 6, 0/72 HPs)
             Began as a Human Fighter on Oct 15, 2022.
             Slain by miserystealer's ghost (5 damage)
             ... on level 4 of the Dungeon.
             The game lasted 00:14:34 (3625 turns).

IxDamienxI the Chopper (Human Fighter)              Turns: 3625, Time: 00:14:34

Health: 0/72       AC: 23    Str: 24    XL:     6   Next: 66%
Magic:  6/6        EV:  2    Int:  9    God:
Gold:   171        SH:  5    Dex: 18    Spells: 5/5 levels left

rFire   . . .      SeeInvis .   e - +2 hand axe (elec)
rCold   . . .      Faith    .   c - +0 buckler
rNeg    . . .      Spirit   .   (body armour currently unavailable)
rPois   +          Reflect  .   (helmet currently unavailable)
rElec   .          Harm     .   (cloak currently unavailable)
rCorr   .          Rampage  .   (gloves currently unavailable)
Will    .....      NoTele   +   (boots currently unavailable)
Stlth   ++........              (no amulet)
HPRegen 0.22/turn               n - +6 ring of dexterity
MPRegen 0.10/turn               u - +6 ring of strength

@: tree-form
A: stationary, stasis, torment immunity, boosted hp
a: no special abilities


You were on level 4 of the Dungeon.
You were a tree.
You visited 1 branch of the dungeon, and saw 4 of its levels.

You collected 171 gold pieces.

Inventory:

Hand Weapons
 a - a +0 war axe
 e - a +2 hand axe of electrocution (weapon)
 h - a +0 sling
 r - a +0 dagger of venom
Missiles
 o - 6 poisoned darts (quivered)
 s - 6 atropa-tipped darts
Armour
 b - a +0 scale mail
 c - a +0 buckler (worn)
 i - a +0 helmet (melded)
 q - a +0 plate armour (melded)
Jewellery
 n - a +6 ring of dexterity (left branch)
 u - a +6 ring of strength (right branch)
Scrolls
 t - a scroll of vulnerability
Potions
 d - 3 potions of might
 g - 2 potions of flight {unknown}
 j - a potion of resistance {unknown}
 k - 2 potions of curing {unknown}
 l - a potion of cancellation {unknown}
 m - 2 potions of brilliance {unknown}
 p - a potion of mutation {unknown}


   Skills:
 + Level 4.1 Fighting
 * Level 4.8 Axes
 + Level 3.8 Armour
 + Level 0.1 Dodging
 + Level 0.2 Stealth
 + Level 3.5 Shields


You had 5 spell levels left.
You didn't know any spells.
Your spell library contained the following spells:

 Spells                   Type           Power      Damage    Failure   Level
 Shock                    Conj/Air       0%         1d3       47%         1
 Conjure Flame            Conj/Fire      0%         6-21      85%         3
 Ignite Poison            Fire/Tmut/Pois 0%         N/A       85%         3
 Swiftness                Air            0%         N/A       85%         3
 Airstrike                Air            0%         2d(0-16)  99%         4
 Sticky Flame             Conj/Fire      0%         2d3       99%         4


Dungeon Overview and Level Annotations

Branches:
Dungeon (4/15)
 Temple: D:4-7

Altars:

Annotations:
D:4 miserystealer's ghost, novice FoHu


Message History

* * * LOW HITPOINT WARNING * * *
You barely miss miserystealer's ghost.
Miserystealer's ghost is moderately damaged.
Miserystealer's ghost hits you but does no damage.
You slash miserystealer's ghost!
Miserystealer's ghost is heavily damaged.
Miserystealer's ghost whispers, "The ORB doesn't exist."
You block miserystealer's ghost's attack.
Really read the scroll of vulnerability? [Y]es or [N]o only, please.
Really read the scroll of vulnerability? [Y]es or [N]o only, please.
Really read the scroll of vulnerability?
Okay, then.
It was a potion of lignification.
You turn into a tree.
Your +0 helmet melds into your body.
Your +0 plate armour melds into your body.
Your roots penetrate the ground.
You block miserystealer's ghost's attack.
You hit miserystealer's ghost but do no damage.
Miserystealer's ghost is heavily damaged.
You block miserystealer's ghost's attack.
Miserystealer's ghost hits you!
* * * LOW HITPOINT WARNING * * *
You hit miserystealer's ghost but do no damage.
Lightning courses through miserystealer's ghost!
Miserystealer's ghost is severely damaged.
Miserystealer's ghost hits you.
* * * LOW HITPOINT WARNING * * *
You hit miserystealer's ghost.
Miserystealer's ghost is almost destroyed.
Miserystealer's ghost wails, "They lied to you.
The Dungeon just goes down and down forever."
Miserystealer's ghost hits you but does no damage.
You closely miss miserystealer's ghost.
Miserystealer's ghost is almost destroyed.
You block miserystealer's ghost's attack.
You hit miserystealer's ghost.
Miserystealer's ghost is almost destroyed.
Miserystealer's ghost hits you.
You die...

####### #..# ......# #..##
#####.# #.†.## #.# #..#.# #.# #
## ##..## #####.#####.##.####
#..## .........###...#..# #...#
.####.##.#≈~~..#..### ##..# .#
#.##†# .#.W♣...# #††# .#
#.##.#§?.≈.'....# #..# .#
#.##.##.~⌠.#..#.# #..# .#
#.##.##.#..#..#.# #..#
.####.##.###.~#####.########..#
......#### ### ###............#
.###### #.............## .#
##.#.########### .#
#.####....###


You could see miserystealer's ghost.

Vanquished Creatures
  A black bear (D:4)
  A necrophage (D:4)
  An orc priest (D:4)
  A hound (D:4)
  4 adders
  7 orcs
  4 bats
  2 endoplasms
  2 giant cockroaches
  7 goblins
  5 hobgoblins
  8 kobolds
  3 quokkas
  5 ball pythons
  A frilled lizard (D:3)
  4 rats
56 creatures vanquished.

Vanquished Creatures (others)
  21 plants (D:1)
21 creatures vanquished.

Grand Total: 77 creatures vanquished

Notes
Turn   | Place    | Note
-------+----------+-------------------------------------------
     0 | D:1      | IxDamienxI the Human Fighter began the quest for the Orb.
     0 | D:1      | Reached XP level 1. HP: 18/18 MP: 1/1
   339 | D:1      | Reached XP level 2. HP: 20/24 MP: 2/2
  1621 | D:2      | Reached XP level 3. HP: 29/29 MP: 3/3
  2783 | D:3      | Reached XP level 4. HP: 36/37 MP: 4/4
  3009 | D:4      | Noticed a necrophage
  3023 | D:4      | Killed a necrophage
  3024 | D:4      | Reached XP level 5. HP: 24/42 MP: 5/5
  3403 | D:4      | Noticed a black bear
  3427 | D:4      | Killed a black bear
  3428 | D:4      | Reached XP level 6. HP: 41/48 MP: 6/6
  3593 | D:4      | Found a large runed translucent door.
  3593 | D:4      | Found a large runed translucent door.
  3596 | D:4      | Noticed miserystealer's ghost (novice FoHu)
  3625 | D:4      | Slain by miserystealer's ghost

Illustrated notes

Levels and vault maps discovered:
D:1:      spicycebolla_arrival_ecumenical, layout_basic, serial_bayou_lake_a
D:2:      layout_loops_corners
D:3:      layout_basic, st_stairs_9
D:4:      layout_loops_ring, ebering_ghost_disaster_area, minmay_between

Skill      XL: |  1  2  3  4  5 |
---------------+----------------+-----
Axes           | 3 4 |  4.8
Fighting       | 4 |  4.1
Armour         | |  3.8
Dodging        | |  0.1
Stealth        | |  0.2
Shields        | |  3.5

Action                   |  1- 3 |  4- 6 || total
-------------------------+-------+-------++-------
Melee: War axe           |    29 |       ||    29
       Hand axe          |   105 |    92 ||   197
  Use: Scroll            |     7 |     2 ||     9
       Potion            |       |     1 ||     1
Armor: Scale mail        |    34 |       ||    34
       Plate armour      |    30 |    63 ||    93
       Skin              |       |     1 ||     1
Dodge: Dodged            |    29 |    22 ||    51
Block: Buckler           |    21 |    23 ||    44
